Unix NetHack Version 3.7.0-71 Work-in-progress - last build Jan 31 2023 02:41:03 (7ba98a1283f2b7cec35fde026edb48fc825ab8ae,branch:master). Game began 2023-02-09 21:18:39, ended 2023-02-10 01:31:40. galadriel, neutral female human Priestess ------- .....)| ###|....u| ###......| -------------- ------- ### -|----- ###### |............| |.<...| # # ------------- ###.)...>.......| |...... ######### |C.........C| |............| |.....| # # # |.....C.....| ####.............| ----.-- ## ###[## |...-----...|######### |............| # ### ######### |...|.{.....|a -------------- # # ---------# |..C|{.{|C..|@ # # |.......-## |...|.{.|...|# ## # |.......|## |...-----...|# # ## |.......|####......C.....|# # # ........| #|C.........C|# --.-### |.......| #-------------# |..0|# --------- ############### |....# ----- Galadriel the Adept St:14 Dx:15 Co:17 In:8 Wi:18 Ch:11 Neutral S:15532 Dlvl:9 $:0 HP:0(66) Pw:106(120) AC:1 Xp:9/3562 T:14809 Latest messages: You hear some noises in the distance. The soldier ant bites! The soldier ant stings! You kill the soldier ant! You hear water falling on coins. You miss the soldier ant. The soldier ant just misses! The soldier ant stings! The soldier ant bites! The soldier ant stings! In what direction? . You feel better. The soldier ant bites! The soldier ant just misses! You hear some noises. You hit the soldier ant! The soldier ant bites! The soldier ant misses! The soldier ant bites! The soldier ant misses! You fail to cast the spell correctly. The soldier ant bites! The soldier ant stings! Are you waiting to get hit? Use 'm' prefix to force a no-op (to rest). In what direction? . You feel better. The soldier ant bites! The soldier ant stings! It bites the soldier ant. The soldier ant misses it. The soldier ant misses it. You miss the soldier ant. The soldier ant bites! The soldier ant misses! It misses the soldier ant. You fail to cast the spell correctly. The soldier ant misses! The soldier ant stings! It bites the soldier ant. The soldier ant bites! The soldier ant misses! Are you sure you want to pray? [yn] (n) y You begin praying to The Lady. The soldier ant bites! You die... Do you want your possessions identified? [ynq] (y) y Do you want to see your attributes? [ynq] (y) y Do you want an account of creatures vanquished? [ynaq] (y) y Do you want to see your conduct and achievements? [ynq] (y) y Do you want to see the dungeon overview? [ynq] (y) y Inventory: Amulets Z - an amulet of magical breathing Weapons R - 2 +0 darts (at the ready) k - a corroded +0 dart a - a blessed corroded +5 mace (weapon in hand) Armor K - a +0 helmet (being worn) I - a +0 pair of leather gloves (being worn) l - a corroded +1 pair of iron shoes (being worn) c - a +0 small shield (being worn) W - a +0 cloak of displacement (being worn) Q - a +0 studded leather armor (being worn) Comestibles x - a tripe ration Potions h - a potion of acid Rings j - a cursed -1 ring of gain strength Wands m - a wand of nothing (0:4) z - a wand of polymorph (0:2) N - a wand of teleportation (0:3) g - a blessed wand of undead turning (0:5) Tools i - a blessed bag of holding containing 44 items r - a magic marker (0:93) T - a towel u - a +0 unicorn horn Gems/Stones V - a topaz stone Y - a worthless piece of green glass e - a blessed luckstone Contents of the bag of holding: 724 gold pieces a cursed +0 dwarvish spear a +0 cloak of protection a very rotted +0 robe a food ration 2 tripe rations a scroll of blank paper a scroll of charging a scroll of confuse monster a scroll of earth 2 scrolls of enchant armor a scroll of enchant weapon 3 scrolls of identify a scroll of light a blessed scroll of magic mapping 3 scrolls of magic mapping a cursed scroll of magic mapping a scroll of remove curse 3 scrolls of teleportation a spellbook of cure sickness a spellbook of dig a spellbook of healing a spellbook of light a potion of gain ability a potion of gain level 2 potions of object detection a potion of speed a potion of holy water a potion of water a ring of shock resistance a wand of create monster named empty (0:0) a wand of undead turning (0:3) 5 tallow candles a cursed tallow candle an aquamarine stone a jasper stone a ruby a worthless piece of black glass 2 worthless pieces of blue glass a cursed worthless piece of blue glass a worthless piece of orange glass 3 worthless pieces of violet glass a worthless piece of yellow glass a worthless piece of yellowish brown glass Galadriel the Priestess's attributes: Background: You were an Adept, a level 9 human Priestess. You were neutral, on a mission for The Lady who was opposed by Blind Io (lawful) and Offler (chaotic). You were in the Dungeons of Doom, on level 9. You entered the dungeon 14809 turns ago. It was nighttime. You had 3562 experience points, 1558 more were needed to attain level 10. Your score was 15532 before end-of-game adjustments. Basics: You had 0 out of 66 hit points. You had 106 out of 120 energy points (spell power). Your armor class was 1. Your wallet was empty, but you had 724 zorkmids stashed away in your pack. Autopickup was off. Final Characteristics: Your strength was 14 (limit:18/100). Your dexterity was 15 (limit:18). Your constitution was 17 (limit:18). Your intelligence was 8 (limit:18). Your wisdom was 18 (limit:18). Your charisma was 11 (limit:18). Final Status: You were not hungry. You were unencumbered. You were wielding a mace. You had expert skill with mace. Final Attributes: You were piously aligned. You were cold resistant. You were poison resistant. You saw invisible. You were telepathic. You were displaced. You were warded. You were very unlucky. You had extra luck. Good luck did not time out for you. You are dead. Miscellaneous: You never encountered a bones level. Total elapsed playing time was 3 hours, 8 minutes and 58 seconds. Major events: Turn 1: galadriel the neutral human Priestess entered the dungeon 1409: entered the Gnomish Mines 2720: attained the rank of Acolyte (level 3) 5506: attained the rank of Adept (level 6) 5625: reached Mine Town 12520: entered Sokoban 13092: completed 1st Sokoban level 14424: completed 2nd Sokoban level 14809: killed by a soldier ant, while praying Vanquished creatures: a watch captain 2 large mimics a fire elemental 2 small mimics a quantum mechanic a large cat a tiger a dwarf ruler 3 tengu a cobra a leather golem 2 watchmen a giant beetle 6 winter wolf cubs a spotted jelly 2 leprechauns an orc-captain a giant spider an ice vortex a black light a gnome ruler an orc mummy 2 brown puddings 2 gold golems a werewolf 2 Green-elves 3 lizards a dingo 2 dogs a housecat 2 jaguars 2 dwarf leaders 3 blue jellies a white unicorn a black unicorn 3 Woodland-elves 4 soldier ants 8 bugbears 2 imps a quasit a wood nymph 3 Mordor orcs 4 Uruk-hai 4 rock piercers a pony a fog cloud 5 yellow lights 2 shriekers a violet fungus 10 gnome leaders 2 gnomish wizards a kobold mummy 2 gray oozes 7 elf zombies a ghoul 2 straw golems 6 giant ants 2 little dogs 5 floating eyes a kitten 9 dwarves 4 homunculi 2 kobold leaders 2 kobold shamans a hill orc 4 rothes 4 giant bats an orc zombie a wererat 4 iguanas 7 killer bees 3 acid blobs 6 hobbits 2 manes 4 large kobolds 13 hobgoblins 4 giant rats 3 cave spiders a brown mold 3 yellow molds 2 green molds a red mold 31 gnomes 7 garter snakes 6 geckos 9 jackals a fox 5 kobolds 8 goblins 10 sewer rats 9 grid bugs a bat 10 lichens 4 kobold zombies 6 newts 323 creatures vanquished. No species were genocided or became extinct. Voluntary challenges: You read items or engraved 11 times. You engraved Elbereth 1 time. You never genocided any monsters. You never changed form. You used no wishes. You violated the special Sokoban rules 31 times. Achievements: You entered the Gnomish Mines. You attained the rank of Acolyte. You attained the rank of Adept. You entered Minetown. You entered a shop. You entered a temple. You entered Sokoban. The Dungeons of Doom: levels 1 to 11 Level 1: A fountain, a grave. Level 2: Many fountains. Level 3: A grave. Stairs down to The Gnomish Mines. Level 4: Level 5: Level 6: A general store, an altar to The Lady. Level 7: A fountain. Level 8: An altar to The Lady, many fountains. Level 9: <- You were here. Many fountains. Oracle of Delphi. Final resting place for you, killed by a soldier ant, while praying. Level 10: An altar to The Lady. Stairs up to Sokoban, level 9. Level 11: The Gnomish Mines: levels 4 to 9 Level 4: Level 5: Level 6: Level 7: Many shops, a temple to The Lady, some fountains. Level 8: Level 9: Sokoban: levels 9 up to 8 Level 8: Solved. Level 9: Solved. Game over: ---------- / \ / REST \ / IN \ / PEACE \ / \ | galadriel | | 724 Au | | killed by a | | soldier ant | | | | | | 2023 | *| * * * | * _________)/\\_//(\/(/\)/\//\/|_)_______ Goodbye galadriel the Priestess... You died in The Dungeons of Doom on dungeon level 9 with 15460 points, and 724 pieces of gold, after 14809 moves. You were level 9 with a maximum of 66 hit points when you died.